 Dungeon Crawl Stone Soup version 0.24-a0-809-g71cb82dfb8 (webtiles) character file.

Game seed: 12527683669304971132, levelgen mode: deterministic

16565 Ablot the Thaumaturge (level 12, -19/94 HPs)
             Began as a Gnoll Skald on Oct 11, 2019.
             Was a High Priest of Okawaru.
             Demolished by a fire giant
             ... wielding a +1 great sword of flaming
              (29 damage)
             ... on level 12 of the Dungeon.
             The game lasted 00:40:23 (10908 turns).

Ablot the Thaumaturge (Gnoll Skald)                Turns: 10908, Time: 00:40:24

Health: -19/94     AC: 11    Str: 18    XL:     12   Next: 38%
Magic:  24/24      EV: 18    Int: 15    God:    Okawaru [*****.]
Gold:   333        SH:  3    Dex: 20    Spells: 9/28 levels left

rFire    + . .     SeeInvis +   e - +1 trident (freeze)
rCold    + . .     Gourm    .   (no shield)
rNeg     . . .     Faith    .   n - +3 leather armour
rPois    .         Spirit   .   g - +2 hat
rElec    .         Reflect  +   L - scarf {rC+ rF+}
rCorr    .         Harm     .   V - +0 pair of gloves of the Harvest Moon {Dex+4 SInv} (curse)
MR       .....                  J - +0 pair of boots
Stlth    ++++......             Q - +3 amulet of reflection
HPRegen  0.25/turn              (no ring)
MPRegen  0.19/turn              (no ring)

@: no status effects
A: distributed training, fangs 1, strong nose
a: Heroism, Finesse, Renounce Religion


You were on level 12 of the Dungeon.
You worshipped Okawaru.
Okawaru was extremely pleased with you.
You were not hungry.

You visited 2 branches of the dungeon, and saw 13 of its levels.
You also visited: Sewer.

You collected 540 gold pieces.
You spent 207 gold pieces at shops.

Inventory:

Hand Weapons
 a - a +4 trident
 e - a +1 trident of freezing (weapon)
 E - a +2 shortbow of flaming
Missiles
 c - 282 stones
 h - 214 arrows
 l - 112 bolts
 m - 68 poisoned darts (quivered)
 o - 190 sling bullets
 D - a throwing net
 W - 5 silver javelins
Armour
 g - a +2 hat (worn)
 n - a +3 leather armour (worn)
 u - a +1 scale mail of fire resistance
 J - a +0 pair of boots (worn)
 L - a scarf of resistance (worn)
 V - the cursed +0 pair of gloves of the Harvest Moon (worn) {Dex+4 SInv}
   (You found it on level 12 of the Dungeon)

   It affects your dexterity (+4).
   It lets you see invisible.
   It has a curse placed upon it.
 Y - a +0 pair of boots of running
Jewellery
 Q - a +3 amulet of reflection (around neck)
Wands
 q - a wand of flame (16)
 x - a wand of random effects (20)
 H - a wand of iceblast (9)
 N - a wand of digging (4)
 S - a wand of disintegration (10)
Scrolls
 f - 7 scrolls of remove curse
 p - a scroll of magic mapping
 s - 4 scrolls of amnesia
 v - 2 scrolls of fog
 w - a scroll of random uselessness {unknown}
 y - 7 scrolls of teleportation
 A - 4 scrolls of enchant weapon
 B - 3 scrolls of blinking
 G - 2 scrolls of fear {unknown}
 M - a scroll of identify
 R - 2 scrolls of noise {unknown}
 T - a scroll of enchant armour {unknown}
Potions
 b - 2 potions of ambrosia
 i - 2 potions of flight
 j - a potion of magic
 k - a potion of berserk rage
 t - 8 potions of curing
 z - 2 potions of haste
 C - a potion of cancellation {unknown}
 F - a potion of resistance {unknown}
 I - a potion of mutation {unknown}
 K - 4 potions of agility {unknown}
 O - a potion of invisibility {unknown}
 P - 2 potions of lignification {unknown}
 U - a potion of might
Comestibles
 d - 21 rations
 X - a chunk of flesh


   Skills:
 + Level 8.5 Fighting
 + Level 7.1 Short Blades
 + Level 7.1 Long Blades
 + Level 7.1 Axes
 + Level 7.1 Maces & Flails
 + Level 8.5 Polearms
 + Level 7.1 Staves
 + Level 7.1 Slings
 + Level 7.1 Bows
 + Level 7.1 Crossbows
 + Level 7.1 Throwing
 + Level 7.6 Armour
 + Level 8.5 Dodging
 + Level 7.1 Stealth
 + Level 7.1 Shields
 + Level 7.1 Unarmed Combat
 + Level 8.8 Spellcasting
 + Level 5.9 Conjurations
 + Level 5.9 Hexes
 + Level 8.1 Charms
 + Level 5.9 Summonings
 + Level 5.9 Necromancy
 + Level 5.9 Translocations
 + Level 5.9 Transmutations
 + Level 5.9 Fire Magic
 + Level 5.9 Ice Magic
 + Level 5.9 Air Magic
 + Level 5.9 Earth Magic
 + Level 5.9 Poison Magic
 + Level 7.8 Invocations
 + Level 7.1 Evocations


You had 9 spell levels left.
You knew the following spells:

 Your Spells              Type           Power        Failure   Level  Hunger
a - Infusion              Chrm           ####         1%          1    None
b - Song of Slaying       Chrm           ####....     1%          2    None
c - Shroud of Golubria    Chrm/Tloc      ####..       1%          2    None
d - Regeneration          Chrm/Necr      ####......   1%          3    #......
e - Spectral Weapon       Hex/Chrm       ####....     1%          3    #......
f - Beastly Appendage     Tmut           ###...       1%          1    None
g - Vampiric Draining     Necr           ###.......   3%          3    #......
h - Cause Fear            Hex            ###.......   11%         4    ###....

Your spell library contained the following spells:

 Spells                   Type           Power        Failure   Level  Hunger
 Animate Skeleton         Necr           N/A          1%          1    None
 Pain                     Necr           ###.         1%          1    None
 Sticks to Snakes         Tmut           ###.....     1%          2    None
 Spider Form              Tmut/Pois      ###.......   3%          3    #......
 Animate Dead             Necr           N/A          11%         4    ###....
 Ice Form                 Ice/Tmut       ###.....     11%         4    ###....
 Blade Hands              Tmut           ###.......   30%         5    #####..
 Silence                  Hex/Air        ###.......   30%         5    #####..
 Yara's Violent Unravell  Hex/Tmut       ###.......   30%         5    #####..
 Deflect Missiles         Chrm/Air       ####......   71%         6    ######.
 Discord                  Hex            ###.......   100%        8    #######


Dungeon Overview and Level Annotations

Branches:
Dungeon (12/15)            Temple (1/1) D:5            Lair (0/6) D:8
    Orc (0/2) D:10          Sewer (visited)

Altars:
Ashenzari
Cheibriados
Dithmenos
Elyvilon
Fedhas
Gozag
Hepliaklqana
Kikubaaqudgha
Makhleb
Nemelex Xobeh
Okawaru
Qazlal
Ru
Sif Muna
Trog
Uskayaw
Vehumet
Wu Jian
Xom
Yredelemnul
Zin
The Shining One

Shops:
D:5 :**[   D:8 }

Annotations:
D:2 11gold blocked by wall
D:11 exclusion: vampire
D:12 exclusion: 4 oklob plants


Innate Abilities, Weirdness & Mutations

Your experience applies equally to all skills.
You have very sharp teeth.
Your uncanny sense of smell can sniff out nearby items.


Message History

Your punch misses the fire giant.
The fire giant is severely wounded.
Your shroud unravels.
The fire giant hits you but does no damage.
A quokka comes into view.
A killer bee comes into view.
Unknown command.
You barely miss the fire giant.
The fire giant is severely wounded.
The fire giant gestures at you while chanting.
The fireball explodes!
The fireball engulfs you!! You resist.
* * * LOW HITPOINT WARNING * * *
The fireball engulfs the fire giant!
The fire giant resists.
You hear an angry buzzing noise. x2
Evoke which item? (* to show all) (? for menu, Esc to quit)
Aiming: Disintegrate
Press: ? - help, Shift-Dir - straight line, f - fire giant
Aim: a fire giant, wielding a +1 great sword of flaming (severely wounded, chance to defeat MR: 39%)
The fire giant resists with some effort.
The fire giant hits you with a +1 great sword of flaming!!
You die...

.#.#.....#.#.#....... #
..........#.#..>..... .. #
..(.##C...#.#....... . #..#.
#........#.#...#### . . #
...###%....#..#....#... ..#.
#..#..#..#..#.#...#... . #
...###...###....#.#...#... . ..#.
#..#. #y†#r.#...#....+... . #
...###...###@Cy###.#.#...#### .#.
#..#. #..#..#.....#.#....... #...
##...###...###...#.##.......
..#..#. #..#..#..#..#####........
.###...###...###...###...........
..#..#..#..#..#..####............
#...###...###...####.............
..#^.#..#..#..####....###########
.###...###...####.....#


You could see a fire giant, 2 killer bees and a quokka.

Vanquished Creatures
  A hydra (D:12)
  4 two-headed ogres
  Pikel (D:4)
  Joseph (D:7)
  2 gargoyles (D:12)
  2 trolls
  2 meliai (D:12)
  A hornet (D:10)
  A shadow (D:12)
  Eustachio (D:6)
  2 vampires
  A spriggan (D:10)
  Grum (D:9)
  11 yaks
  A hungry ghost (D:12)
  4 wargs (D:10)
  A soldier ant (D:12)
  3 orc warriors
  3 ice beasts
  A black bear (D:9)
  A sky beast (D:12)
  4 wolves
  2 phantoms
  A necrophage (D:5)
  An ogre (D:9)
  6 centaurs
  2 big kobolds
  6 bullfrogs
  A gnoll sergeant (D:10)
  A wyvern zombie (D:12)
  7 scorpions
  44 killer bees
  5 wights (D:6)
  2 electric eels (D:8)
  2 crimson imps
  3 centaur zombies
  11 hounds
  4 jellies
  7 orc priests
  3 centaur skeletons
  A gnoll shaman (D:7)
  6 orc wizards
  3 bullfrog skeletons
  Jessica (D:3)
  3 iguanas
  Natasha (thrice) (D:4)
  12 worker ants
  A hound zombie (D:9)
  3 hound skeletons
  A mummy (D:7)
  2 worker ant zombies
  16 gnolls
  8 adders
  2 shadow imps
  An ooze (D:5)
  2 adder zombies (D:5)
  2 adder skeletons (D:4)
  3 worms
  A dart slug (D:1)
  6 leopard geckos
  32 orcs
  A ball python (D:1)
  6 bats
  2 giant cockroaches
  7 goblins
  6 hobgoblins
  14 jackals
  13 kobolds
  9 quokkas
  6 frilled lizards
  2 jackal zombies
  10 rats
342 creatures vanquished.

Vanquished Creatures (others)
  An orc (D:8)
  6 spectral weapons
7 creatures vanquished.

Grand Total: 349 creatures vanquished

Notes
Turn   | Place    | Note
-------+----------+-------------------------------------------
     0 | D:1      | Ablot the Gnoll Skald began the quest for the Orb.
     0 | D:1      | Reached XP level 1. HP: 20/20 MP: 6/6
    82 | D:1      | Reached XP level 2. HP: 17/26 MP: 4/7
    96 | D:1      | Learned a level 2 spell: Song of Slaying
    99 | D:1      | Learned a level 2 spell: Shroud of Golubria
   527 | D:1      | Reached XP level 3. HP: 31/31 MP: 9/9
   671 | D:2      | Reached skill level 5 in Spellcasting
  1026 | D:2      | Found a blossoming altar of Fedhas.
  1032 | D:2      | Found an ancient bone altar of Kikubaaqudgha.
  1417 | D:3      | Reached skill level 1 in Invocations
  1467 | D:3      | Reached skill level 1 in Short Blades
  1467 | D:3      | Reached skill level 1 in Long Blades
  1467 | D:3      | Reached skill level 1 in Axes
  1467 | D:3      | Reached skill level 1 in Maces & Flails
  1467 | D:3      | Reached skill level 1 in Staves
  1467 | D:3      | Reached skill level 1 in Slings
  1467 | D:3      | Reached skill level 1 in Bows
  1467 | D:3      | Reached skill level 1 in Crossbows
  1467 | D:3      | Reached skill level 1 in Throwing
  1467 | D:3      | Reached skill level 1 in Stealth
  1467 | D:3      | Reached skill level 1 in Shields
  1467 | D:3      | Reached skill level 1 in Unarmed Combat
  1467 | D:3      | Reached skill level 1 in Evocations
  1472 | D:3      | Reached XP level 4. HP: 32/38 MP: 2/11
  1507 | D:3      | Found a stormy altar of Qazlal.
  1941 | D:3      | Noticed Jessica
  1951 | D:3      | Killed Jessica
  1951 | D:3      | Reached skill level 1 in Conjurations
  1951 | D:3      | Reached skill level 1 in Hexes
  1951 | D:3      | Reached skill level 1 in Summonings
  1951 | D:3      | Reached skill level 1 in Necromancy
  1951 | D:3      | Reached skill level 1 in Translocations
  1951 | D:3      | Reached skill level 1 in Transmutations
  1951 | D:3      | Reached skill level 1 in Fire Magic
  1951 | D:3      | Reached skill level 1 in Ice Magic
  1951 | D:3      | Reached skill level 1 in Air Magic
  1951 | D:3      | Reached skill level 1 in Earth Magic
  1951 | D:3      | Reached skill level 1 in Poison Magic
  2078 | D:4      | Reached XP level 5. HP: 41/43 MP: 10/12
  2084 | D:4      | Learned a level 3 spell: Regeneration
  2088 | D:4      | Learned a level 3 spell: Spectral Weapon
  2308 | D:4      | Noticed Natasha
  2312 | D:4      | Killed Natasha
  2320 | D:4      | Noticed Natasha
  2323 | D:4      | Killed Natasha
  2323 | D:4      | Reached XP level 6. HP: 45/50 MP: 9/13
  2494 | D:4      | Found a hide-covered altar of Uskayaw.
  2610 | D:4      | Noticed Natasha
  2614 | D:4      | Killed Natasha
  2672 | D:5      | Entered Level 5 of the Dungeon
  2688 | D:5      | Found Zazuz's Assorted Antiques.
  2698 | D:5      | Reached skill level 5 in Fighting
  2698 | D:5      | Reached skill level 5 in Polearms
  2698 | D:5      | Reached skill level 5 in Dodging
  2819 | D:5      | Reached XP level 7. HP: 49/56 MP: 4/15
  2897 | D:5      | Found Wohej's Book Shop.
  3212 | D:5      | Found Zama's General Store.
  3224 | D:5      | Noticed Pikel
  3240 | D:5      | HP: 2/56 [Pikel/+1 whip of flaming (3)]
  3337 | D:4      | Killed Pikel
  3337 | D:4      | Reached XP level 8. HP: 62/63 MP: 8/17
  3494 | D:5      | Bought a scroll of identify for 28 gold pieces
  3494 | D:5      | Bought a scroll of fog for 28 gold pieces
  3587 | D:5      | Found a staircase to the Ecumenical Temple.
  3600 | Temple   | Entered the Ecumenical Temple
  3877 | Temple   | Became a worshipper of Warmaster Okawaru
  3905 | D:5      | Found Lyneit's Armour Emporium.
  3980 | D:5      | Got a warped great sword
  3981 | D:5      | Identified the +1 great sword "Voptaqef" {slice, rC+ rN+}
                  | (You found it on level 5 of the Dungeon)
  4137 | D:5      | Bought a sapphire potion for 27 gold pieces
  4137 | D:5      | Bought a scroll labeled ECIGGI WI VUX for 31 gold pieces
  4137 | D:5      | Bought a scroll labeled NEDAIS FOOTH for 31 gold pieces
  4137 | D:5      | Bought a scroll labeled ECIGGI WI VUX for 31 gold pieces
  4137 | D:5      | Bought a scroll labeled ASYDITTA ZOG HOS for 31 gold pieces
  4242 | D:6      | Found a hazy altar of Hepliaklqana.
  4243 | D:6      | Noticed Eustachio
  4259 | D:6      | Killed Eustachio
  4259 | D:6      | Reached * piety under Okawaru
  4259 | D:6      | Reached XP level 9. HP: 69/69 MP: 7/18
  4402 | D:6      | Found a glowing drain.
  4414 | Sewer    | Entered a sewer
  4511 | Sewer    | Found a white marble altar of Elyvilon.
  4731 | D:6      | Found a blossoming altar of Fedhas.
  4780 | D:6      | Reached ** piety under Okawaru
  4780 | D:6      | Reached skill level 5 in Armour
  4857 | D:6      | Found a glowing golden altar of the Shining One.
  5028 | D:7      | Noticed Joseph
  5055 | D:7      | Found a snail-covered altar of Cheibriados.
  5074 | D:7      | Learned a level 1 spell: Beastly Appendage
  5105 | D:7      | Found a white marble altar of Elyvilon.
  5317 | D:7      | Found a basalt altar of Yredelemnul.
  5335 | D:7      | Reached skill level 5 in Invocations
  5347 | D:7      | Reached *** piety under Okawaru
  5347 | D:7      | Reached XP level 10. HP: 58/77 MP: 7/20
  5547 | D:7      | Learned a level 3 spell: Vampiric Draining
  5632 | D:7      | Killed Joseph
  5632 | D:7      | Reached skill level 5 in Short Blades
  5632 | D:7      | Reached skill level 5 in Long Blades
  5632 | D:7      | Reached skill level 5 in Axes
  5632 | D:7      | Reached skill level 5 in Maces & Flails
  5632 | D:7      | Reached skill level 5 in Staves
  5632 | D:7      | Reached skill level 5 in Slings
  5632 | D:7      | Reached skill level 5 in Bows
  5632 | D:7      | Reached skill level 5 in Crossbows
  5632 | D:7      | Reached skill level 5 in Throwing
  5632 | D:7      | Reached skill level 5 in Stealth
  5632 | D:7      | Reached skill level 5 in Shields
  5632 | D:7      | Reached skill level 5 in Unarmed Combat
  5632 | D:7      | Reached skill level 5 in Evocations
  6204 | D:8      | Reached **** piety under Okawaru
  6223 | D:8      | Found a staircase to the Lair.
  6423 | D:8      | Found a glowing silver altar of Zin.
  6427 | D:8      | Found an opulent altar of Gozag.
  6431 | D:8      | Found an ornate altar of the Wu Jian Council.
  6583 | D:8      | Found Pumy's Gadget Shoppe.
  6862 | D:9      | Found a shimmering altar of Xom.
  7188 | D:9      | Noticed Grum
  7204 | D:9      | Killed Grum
  7229 | D:9      | Reached XP level 11. HP: 57/84 MP: 19/22
  7450 | D:9      | Found a shimmering altar of Xom.
  7660 | D:10     | Entered Level 10 of the Dungeon
  7793 | D:10     | Reached ***** piety under Okawaru
  7810 | D:10     | Noticed a two-headed ogre
  7814 | D:10     | Noticed a two-headed ogre
  7886 | D:10     | Noticed a two-headed ogre
  7896 | D:10     | Killed a two-headed ogre
  7977 | D:10     | Received a gift from Okawaru
  8020 | D:10     | Reached skill level 5 in Conjurations
  8020 | D:10     | Reached skill level 5 in Hexes
  8020 | D:10     | Reached skill level 5 in Summonings
  8020 | D:10     | Reached skill level 5 in Necromancy
  8020 | D:10     | Reached skill level 5 in Translocations
  8020 | D:10     | Reached skill level 5 in Transmutations
  8020 | D:10     | Reached skill level 5 in Fire Magic
  8020 | D:10     | Reached skill level 5 in Ice Magic
  8020 | D:10     | Reached skill level 5 in Air Magic
  8020 | D:10     | Reached skill level 5 in Earth Magic
  8020 | D:10     | Reached skill level 5 in Poison Magic
  8133 | D:10     | HP: 3/85 [killer bee (7)]
  8322 | D:10     | Found a staircase to the Orcish Mines.
  8710 | D:10     | Killed a two-headed ogre
  8715 | D:10     | Killed a two-headed ogre
  8715 | D:10     | Received a gift from Okawaru
  8867 | D:10     | Received a gift from Okawaru
  9426 | D:11     | Found a basalt altar of Yredelemnul.
  9786 | D:12     | Got a pair of heavily runed gloves
  9797 | D:12     | Identified the cursed +0 pair of gloves of the Harvest Moon
                  | {Dex+4 SInv} (You found it on level 12 of the Dungeon)
  9859 | D:12     | Received a gift from Okawaru
  9945 | D:12     | Noticed a salamander
 10217 | D:12     | Learned a level 4 spell: Cause Fear
 10342 | D:12     | Noticed a six-headed hydra
 10368 | D:12     | Reached XP level 12. HP: 69/93 MP: 7/24
 10383 | D:12     | Killed a six-headed hydra
 10383 | D:12     | Received a gift from Okawaru
 10654 | D:12     | Noticed a two-headed ogre
 10682 | D:12     | Killed a two-headed ogre
 10727 | D:12     | HP: 4/94 [meliai/+0 hand axe (8)]
 10892 | D:12     | Noticed a fire giant
 10908 | D:12     | Demolished by a fire giant

Levels and vault maps discovered:
D:1:      mrwooster_arrival_statue_2, layout_loops_ring
D:2:      layout_basic, grunt_temple_overflow_growth_and_decay,
          minmay_misc_feat_alley, minivault_11, minmay_statues_item,
          st_stairs_5, kennysheep_generic_room_9
D:3:      layout_loops_ring, grunt_qazlal_sundering, uniq_jessica
D:4:      layout_loops_cross, eat_drink_and_be_merry_uskayaw, first_ration,
          uniq_natasha
D:5:      layout_loops_cross, minmay_temple_entry_drinking_statues,
          serial_shops, shop, shop, shop, shop_statue, uniq_pikel
D:6:      layout_rooms, nicolae_tso_carved_into_rock, lemuel_crystal_altar,
          cheibrodos_sewer_entry_drain, fedhas_altar_1, uniq_eustachio
D:7:      layout_rooms, slow_altar_1, kennysheep_little_box,
          yredelemnul_altar_generic, uniq_joseph
D:8:      layout_gridville, chequers_temple_overflow_statue_of_worship,
          erik_lair_island, serial_shops, shop
D:9:      layout_basic, xom_redecorated, uniq_grum
D:10:     layout_stronghold, minmay_orc_entry_guard_dogs, the_bakery
D:11:     layout_cave_pools, basic_altar
D:12:     hangedman_what_comes_after_a, layout_irregular_city,
          kennysheep_generic_room_12
Temple:   compressed_dpeg_triangle_lava_temple

Skill      XL: |  1  2  3  4  5  6  7  8  9 10 11 12 |
---------------+-------------------------------------+-----
Spellcasting   | 5 6 7 8 |  8.8
Invocations    | 1 2 3 4 5 6 7 |  7.8
Short Blades   | 1 2 3 4 5 6 7 |  7.1
Long Blades    | 1 2 3 4 5 6 7 |  7.1
Axes           | 1 2 3 4 5 6 7 |  7.1
Maces & Flails | 1 2 3 4 5 6 7 |  7.1
Staves         | 1 2 3 4 5 6 7 |  7.1
Slings         | 1 2 3 4 5 6 7 |  7.1
Bows           | 1 2 3 4 5 6 7 |  7.1
Crossbows      | 1 2 3 4 5 6 7 |  7.1
Throwing       | 1 2 3 4 5 6 7 |  7.1
Stealth        | 1 2 3 4 5 6 7 |  7.1
Shields        | 1 2 3 4 5 6 7 |  7.1
Unarmed Combat | 1 2 3 4 5 6 7 |  7.1
Evocations     | 1 2 3 4 5 6 7 |  7.1
Conjurations   | 1 2 3 4 5 |  5.9
Hexes          | 1 2 3 4 5 |  5.9
Summonings     | 1 2 3 4 5 |  5.9
Necromancy     | 1 2 3 4 5 |  5.9
Translocations | 1 2 3 4 5 |  5.9
Transmutations | 1 2 3 4 5 |  5.9
Fire Magic     | 1 2 3 4 5 |  5.9
Ice Magic      | 1 2 3 4 5 |  5.9
Air Magic      | 1 2 3 4 5 |  5.9
Earth Magic    | 1 2 3 4 5 |  5.9
Poison Magic   | 1 2 3 4 5 |  5.9
Armour         | 3 4 5 6 7 |  7.6
Fighting       | 5 6 7 8 |  8.5
Polearms       | 5 6 7 8 |  8.5
Dodging        | 5 6 7 8 |  8.5
Charms         | 6 7 8 |  8.1

Action                   |  1- 3 |  4- 6 |  7- 9 | 10-12 || total
-------------------------+-------+-------+-------+-------++-------
Melee: Spear             |   137 |    16 |       |       ||   153
       Bite              |    11 |    14 |    34 |    88 ||   147
       Trident           |       |   113 |   284 |   739 ||  1136
       Kick              |       |       |     8 |     4 ||    12
       Punch             |       |       |     2 |    21 ||    23
       Headbutt          |       |       |       |     9 ||     9
Throw: Dart              |       |       |     1 |    19 ||    20
 Cast: Infusion          |     3 |     3 |     4 |     8 ||    18
       Shroud of Golubri |     3 |    11 |    30 |    57 ||   101
       Song of Slaying   |     1 |     2 |     4 |     5 ||    12
       Spectral Weapon   |       |     6 |    23 |    44 ||    73
       Regeneration      |       |     2 |    12 |    33 ||    47
       Beastly Appendage |       |       |     3 |     6 ||     9
       Cause Fear        |       |       |       |     1 ||     1
Evoke: Wand              |       |       |       |     2 ||     2
  Use: Scroll            |       |     2 |     9 |     4 ||    15
       Potion            |       |       |     2 |     5 ||     7
 Stab: Sleeping          |     4 |     1 |     8 |    12 ||    25
       Distracted        |       |       |     1 |     5 ||     6
  Eat: Chunk             |     2 |     5 |    12 |    20 ||    39
       Ration            |       |       |       |     1 ||     1
Armor: Leather armour    |    21 |    45 |    64 |   164 ||   294
Dodge: Dodged            |    63 |    84 |   176 |   608 ||   931
Block: Other             |       |       |       |    62 ||    62

Table legend:
 A = Non-vault XP
 B = Vault XP
 C = Vault XP percentage of total XP
 D = Non-vault monster count
 E = Vault monster count
 F = Vault count percentage of total count
                 A         B        C        D         E       F
            +---------+---------+-------+---------+---------+-------
      Total |   14540 |    9125 |  38.6 |     264 |      78 |  22.8
            +---------+---------+-------+---------+---------+-------
        D:1 |      34 |       0 |   0.0 |      20 |       0 |   0.0
        D:2 |      13 |       8 |  38.1 |       8 |       3 |  27.3
        D:3 |      63 |      37 |  37.0 |      22 |       1 |   4.3
        D:4 |     260 |     664 |  71.9 |      14 |       2 |  12.5
        D:5 |     902 |       0 |   0.0 |      32 |       0 |   0.0
        D:6 |    1134 |     221 |  16.3 |      27 |       3 |  10.0
        D:7 |    1828 |     473 |  20.6 |      22 |       2 |   8.3
        D:8 |    1456 |     699 |  32.4 |      38 |       8 |  17.4
        D:9 |    1095 |     536 |  32.9 |      17 |       4 |  19.0
       D:10 |    5368 |     859 |  13.8 |      39 |       5 |  11.4
       D:11 |     319 |       0 |   0.0 |       9 |       0 |   0.0
       D:12 |    2068 |    5522 |  72.8 |      16 |      40 |  71.4
      Sewer |       0 |     106 | 100.0 |       0 |      10 | 100.0
            +---------+---------+-------+---------+---------+-------
